 Dungeon Crawl Stone Soup version 0.20.1-1-g8b1a95d (webtiles) character file.

378 polve the Changer (level 6, 0/47 HPs)
             Began as a Draconian Transmuter on Aug 6, 2017.
             Slain by an ogre
             ... wielding a +0 giant club
              (15 damage)
             ... on level 5 of the Dungeon.
             The game lasted 00:04:20 (5253 turns).

polve the Changer (Draconian Transmuter)            Turns: 5253, Time: 00:04:20

Health: 0/47       AC:  2    Str: 13    XL:     6   Next: 45%
Magic:  6/9        EV: 19    Int: 15    God:
Gold:   131        SH:  0    Dex: 16    Spells: 3/9 levels left

rFire    . . .     SeeInvis .     - Unarmed
rCold    . . .     Gourm    .   (shield currently unavailable)
rNeg     . . .     Faith    .   (armour unavailable)
rPois    x         Spirit   .   (helmet currently unavailable)
rElec    .         Reflect  .   (cloak currently unavailable)
rCorr    .         Harm     .   (gloves currently unavailable)
MR       .....                  (boots currently unavailable)
Stlth    +.........             (no amulet)
Regen    0.2/turn               (no ring)
MPRegen  0.2/turn               (no ring)

@: spider-form
A: unfitting armour, AC +6
a: End Transformation


You were on level 5 of the Dungeon.
You were not hungry.
You were a venomous arachnid creature.
You visited 1 branch of the dungeon, and saw 5 of its levels.

You collected 131 gold pieces.

Inventory:

Missiles
 a - 59 arrows (quivered)
Wands
 y - a wand of acid (5/15)
Scrolls
 d - 2 scrolls of remove curse {unknown}
 f - a scroll of fog {unknown}
 j - 2 scrolls of enchant armour {unknown}
 m - a scroll of noise {unknown}
 p - 3 scrolls of teleportation {unknown}
 q - a scroll of recharging {unknown}
 t - a scroll of magic mapping {unknown}
 v - a scroll of random uselessness {unknown}
 x - a scroll of fear {unknown}
Potions
 e - a potion of agility {unknown}
 g - a potion of invisibility {unknown}
 h - a potion of brilliance {unknown}
 l - 4 potions of curing {unknown}
 n - 2 potions of flight {unknown}
 r - a potion of haste {unknown}
 s - a potion of mutation {unknown}
 w - a potion of magic {unknown}
Books
 b - a book of Changes

   Spells                             Type                      Level
   a - Beastly Appendage              Transmutation                1
   b - Sticks to Snakes               Transmutation                2
   c - Spider Form                    Transmutation/Poison         3
   d - Ice Form                       Ice/Transmutation            4
   e - Blade Hands                    Transmutation                5
 i - a book of Cantrips

   Spells                             Type                      Level
   a - Confusing Touch                Hexes                        1
   b - Animate Skeleton               Necromancy                   1
   c - Summon Small Mammal            Summoning                    1
   d - Apportation                    Translocation                1
Comestibles
 c - 3 bread rations
 o - a meat ration


   Skills:
 - Level 1.1 Fighting
 - Level 1.7 Dodging
 - Level 3.0 Unarmed Combat
 - Level 2.0 Spellcasting
 + Level 7.0 Transmutations


You had 3 spell levels left.
You knew the following spells:

 Your Spells              Type           Power        Failure   Level  Hunger
a - Beastly Appendage     Tmut           ###...       6%          1    #......
b - Sticks to Snakes      Tmut           ###.....     8%          2    ###....
c - Spider Form           Tmut/Pois      ##........   34%         3    ###....


Dungeon Overview and Level Annotations

Branches:
Dungeon (5/15)
 Temple: D:4-7

Altars:

Shops:
D:4 [


Innate Abilities, Weirdness & Mutations

((Your plain brown scales are hard. (AC +6)))
You cannot fit into any form of body armour.
((You are cold-blooded and may be slowed by cold attacks.))


Message History

There are monsters nearby!
There are monsters nearby!
Casting: Beastly Appendage
Confirm with . or Enter, or press ? or * to list all spells.
You turn into a venomous arachnid creature.
Found a yellow potion.
You hit the ogre.
The ogre is lightly wounded.
The ogre misses you.
You hit the ogre.
The ogre is poisoned.
The ogre is moderately wounded.
You hit the ogre.
The ogre looks as sick as possible!
The ogre is heavily wounded.
The ogre hits you with a giant club!!
Ouch! That really hurt!
* * * LOW HITPOINT WARNING * * *
You hit the ogre.
The ogre looks as sick as possible!
The ogre is severely wounded.
The ogre hits you with a giant club!
You die...

. # ...## #..#.
#..###
#....##<..###
##
#.........##...
#.####.........
#......... .
##.####...
...!####.#
.....sOs.#
.....####.....#
... .####. . ##


You could see an ogre and a giant cockroach.

Vanquished Creatures
  A phantom (D:4)
  An ogre (D:4)
  An orc priest (D:3)
  An iguana (D:4)
  A worker ant (D:4)
  4 adders (D:4)
  2 adder skeletons (D:4)
  5 worms
  4 leopard geckos
  5 orcs (D:3)
  6 bats
  4 giant cockroaches
  4 goblins
  10 hobgoblins
  2 jackals (D:1)
  A ball python skeleton (D:4)
  3 frilled lizards
  A jackal skeleton (D:4)
  7 kobolds
  2 leopard gecko skeletons (D:4)
  A quokka skeleton (D:4)
  9 rats
75 creatures vanquished.

Notes
Turn   | Place    | Note
-------+----------+-------------------------------------------
     0 | D:1      | polve the Draconian Transmuter began the quest for the Orb.
     0 | D:1      | Reached XP level 1. HP: 16/16 MP: 3/3
   394 | D:1      | Reached XP level 2. HP: 16/23 MP: 3/5
   408 | D:1      | Reached skill level 3 in Transmutations
  1056 | D:1      | Reached XP level 3. HP: 28/28 MP: 4/6
  1912 | D:2      | Reached skill level 4 in Transmutations
  2130 | D:2      | Learned a level 2 spell: Sticks to Snakes
  2134 | D:2      | Learned a level 3 spell: Spider Form
  2354 | D:3      | Reached XP level 4. HP: 35/35 MP: 5/7
  3139 | D:4      | Noticed a phantom
  3488 | D:4      | Reached skill level 5 in Transmutations
  3504 | D:4      | Noticed an ogre
  3515 | D:4      | Killed an ogre
  3515 | D:4      | Reached XP level 5. HP: 28/40 MP: 4/8
  3773 | D:4      | Reached skill level 6 in Transmutations
  4075 | D:4      | Found Ohyg's Antique Armour Shop.
  4150 | D:4      | Reached XP level 6. HP: 31/47 MP: 5/9
  4995 | D:4      | Reached skill level 7 in Transmutations
  5241 | D:5      | Entered Level 5 of the Dungeon
  5253 | D:5      | Slain by an ogre

Skill      XL: |  1  2  3  4  5  6 |
---------------+-------------------+-----
Transmutations | 3 4 5 6 7 |  7.0
Fighting       | |  1.1
Dodging        | |  1.7
Unarmed Combat | |  3.0
Spellcasting   | |  2.0

Action                   |  1- 3 |  4- 6 || total
-------------------------+-------+-------++-------
Melee: Unarmed           |   179 |   171 ||   350
       Headbutt          |     7 |     8 ||    15
       Kick              |    17 |     6 ||    23
       Tailslap          |    11 |    16 ||    27
       Punch             |     4 |       ||     4
 Cast: Beastly Appendage |    19 |    21 ||    40
       Spider Form       |       |     5 ||     5
       Sticks to Snakes  |       |     1 ||     1
  Eat: Chunk             |     5 |     3 ||     8
       Fruit             |       |     4 ||     4
       Meat ration       |       |     1 ||     1
Armor: Skin              |    56 |    28 ||    84
Dodge: Dodged            |   116 |   110 ||   226
